Description

zvz 2 base nydus roach timing

Replay - zvz nydus roach

Build Order

Get SALT Encoding   

  12  0:01  Drone  
  13  0:13  Overlord  
  13  0:18  Drone  
  14  0:31  Drone x3  
  17  0:56  Hatchery  
  16  1:02  Drone x2  
  18  1:16  Extractor  
  18  1:18  Spawning Pool  
  16  1:21  Drone  
  17  1:27  Drone x2  
  19  1:39  Overlord  
  20  2:04  Queen x2  
  28  2:26  Spine Crawler  
  31  2:48  Overlord  
  33  3:04  Evolution Chamber  
  35  3:16  Roach Warren  
  34  3:20  Evolution Chamber  
  34  3:24  Extractor  
  39  3:27  Lair  
  40  3:34  Zerg Missile Weapons Level 1  
  40  3:45  Extractor x2  
  40  3:47  Overlord  
  40  3:50  Zerg Ground Armor Level 1  
  43  3:59  Overlord  
  43  4:06  Spine Crawler  
  42  4:14  Roach x3  
  48  4:25  Nydus Network  
  48  4:27  Roach x2  
  51  4:34  Glial Reconstitution  
  51  4:39  Roach x3  
  57  4:46  Roach x2  
  67  5:08  Nydus Canal  
  81  5:42  Nydus Canal  
Spawning Tool Build Advisor. Get it on Overwolf

Go to:

Details

  • Created by: mikka77
  • Published on: Feb 22, 2019
  • Modified on: Feb 22, 2019
  • Patch: 4.7.1
Show
View Real Time Build Order
Export as new Build Order

Comments (0)

There are no comments. Be the first!

Create an account to comment!